 Dungeon Crawl Stone Soup version 0.19.0-19-g8c6edcc (webtiles) character file.

16137 nikopol the Cleaver (level 12, 0/77 HPs)
             Began as a Gargoyle Berserker on Nov 14, 2016.
             Was a High Priest of Trog.
             Slain by a salamander
             ... wielding a +2 halberd of chopping
              (7 damage)
             ... in a volcano.
             The game lasted 00:34:06 (13421 turns).

nikopol the Cleaver (Gargoyle Berserker)           Turns: 13421, Time: 00:34:06

Health: 0/77       AC: 25    Str: 25    XL:     12   Next: 34%
Magic:  12/12      EV: 14    Int:  7    God:    Trog [*****.]
Gold:   636        SH:  0    Dex: 11    Spells: 0 memorised, 11 levels left

rFire  . . .     SeeInvis .     t - +4 hand axe
rCold  + . .     Gourm    .     e - +0 scale mail (curse)
rNeg   + . .     Faith    .     (no shield)
rPois  ∞         Spirit   .     q - +1 hat
rElec  +         Reflect  .     f - +0 cloak
rCorr  .         Harm     .     i - +0 pair of gloves
MR     .....                    (no boots)
Stlth  ..........               (no amulet)
                                n - +4 ring of protection
                                k - ring of protection from cold

@: exhausted, slowed, very slow
A: negative energy resistance 1, electricity resistance, unbreathing,
petrification resistance, rot immunity, AC +8
a: Berserk, Trog's Hand, Brothers in Arms, Burn Spellbooks, Renounce Religion


You were in a volcano.
You worshipped Trog.
Trog was extremely pleased with you.
You were near starving.

You visited 2 branches of the dungeon, and saw 12 of its levels.
You also visited: Ossuary and Volcano.

You collected 636 gold pieces.

Inventory:

Hand Weapons
 t - a +4 hand axe (weapon)
 L - a +1 hand axe of venom
Armour
 e - a cursed +0 scale mail (worn)
 f - a +0 cloak (worn)
 i - a +0 pair of gloves (worn)
 l - a +0 chain mail
 q - a +1 hat (worn)
 r - a +0 helmet
 J - the +7 chain mail of Vehumet's Supremacy {+Blink, unknown}
   (You found it on level 1 of the Lair of Beasts)

   It lets you blink.
Jewellery
 b - an uncursed ring of flight
 k - a ring of protection from cold (left hand)
 n - a +4 ring of protection (right hand)
Wands
 g - a wand of disintegration (3/24)
 w - a wand of paralysis (10/24)
 y - a wand of lightning (5/15)
 T - a wand of heal wounds (2/9)
Scrolls
 a - a scroll of summoning
 d - 8 scrolls of remove curse
 j - 7 scrolls of identify
 o - a scroll of enchant weapon
 p - 5 scrolls of fog
 s - 10 scrolls of teleportation
 u - a scroll of recharging
 v - a scroll of enchant armour {unknown}
 x - a scroll of magic mapping
 H - a scroll of blinking
Potions
 h - a potion of cure mutation
 m - a potion of heal wounds {unknown}
 A - 4 potions of agility
 B - 3 potions of brilliance
 C - a potion of might
 D - a potion of resistance
 E - 5 potions of curing
 N - 2 potions of invisibility
 Z - 4 potions of flight
Books
 F - a book of Battle

   Spells                             Type                      Level
   a - Infusion                       Charms                       1
   b - Shroud of Golubria             Charms/Translocation         2
   c - Song of Slaying                Charms                       2
   d - Spectral Weapon                Hexes/Charms                 3
   e - Regeneration                   Charms/Necromancy            3
   Trog disapproves of the use of such an item.
Comestibles
 c - 13 bread rations
 G - a royal jelly
 I - 9 fruits
 K - 4 meat rations
 R - 6 beef jerkies


   Skills:
 + Level 10.2 Fighting
 * Level 11.7 Axes
 + Level 10.2 Armour
 + Level 7.5 Dodging


You had 11 spell levels left.
You didn't know any spells.

Dungeon Overview and Level Annotations

Branches:
Dungeon (11/15)            Temple (0/1) D:4            Lair (1/6) D:11
    Orc: D:9-12

Altars:
Ashenzari
Cheibriados
Gozag
Makhleb
Nemelex Xobeh
Qazlal
Ru
Xom
Yredelemnul
The Shining One

Shops:
D:5 !**   D:9 =

Annotations:
D:9 Pikel


Innate Abilities, Weirdness & Mutations

You are resistant to torment.
Your stone body is resilient. (AC +8)
You are immune to poison.
You resist negative energy. (rN+)
You are resistant to electric shocks. (rElec)
You can survive without breathing.
You are immune to petrification.
You are immune to rotting.


Message History

The salamander is heavily wounded.
You are no longer berserk.
You are exhausted.
You feel yourself slow down.
You hit the salamander.
The salamander is heavily wounded.
The salamander hits you but does no damage.
You hit the salamander.
The salamander is heavily wounded.
The salamander hits you but does no damage.
You slash the salamander!
The salamander is severely wounded.
The salamander hits you with a halberd of chopping.
* * * LOW HITPOINT WARNING * * *
You are engulfed in flames!
* * * LOW HITPOINT WARNING * * *
x2 You closely miss the salamander.
The salamander is severely wounded.
The salamander hits you with a halberd of chopping!
You die...

#§§##
#.....≈≈§§≈≈§§§§..
##§#
#......≈§≈§≈§≈§§.. ###
####....§§.≈§≈§... ###
##.#.......§.....
##≈≈##)###...##..##...
#≈§§§)## #### ## ###.
##≈§≈§.## .# #§§§.§.$#
. #§§§≈$@## #§§§.∩N!#
##≈≈≈..$# #≈≈§§§§.
##≈≈§§§.# #≈≈≈§.##
#§≈§§## ##≈§##


You could see a salamander.

Vanquished Creatures
  Gastronok (D:11)
  The ghost of Nattefrost the Basher, a journeyman HOGl of the Shining One (Volcano)
  The ghost of Nordron the Cleaver, a novice MiHu of Uskayaw (Volcano)
  A salamander mystic (Volcano)
  An unseen horror (D:11)
  2 hill giants (D:11)
  3 salamanders (Volcano)
  A manticore (D:11)
  2 black mambas (Lair:1)
  A spiny frog (Lair:1)
  A centaur skeleton (D:10)
  A komodo dragon (D:11)
  2 trolls
  2 hornets
  2 two-headed ogres
  Grinder (D:4)
  2 hippogriffs
  2 wyverns (D:10)
  2 basilisks
  A vampire mosquito (D:11)
  2 mottled dragons (D:11)
  A soldier ant (D:11)
  2 porcupines (Lair:1)
  2 phantoms
  3 black bears
  2 necrophages
  3 orc warriors
  3 sky beasts
  4 ogres
  3 centaurs
  An elf zombie (Ossuary)
  3 big kobolds
  5 bullfrogs
  5 scorpions
  A water moccasin skeleton (D:6)
  5 killer bees (D:11)
  4 howler monkeys
  4 crimson imps
  A bullfrog zombie (D:11)
  8 hounds
  4 jellies
  A bullfrog skeleton (D:7)
  6 orc priests
  13 orc wizards
  4 human zombies (Ossuary)
  4 iguanas
  Natasha (thrice) (D:3)
  8 worker ants
  A big kobold zombie (Ossuary)
  A hound zombie (Ossuary)
  A hound skeleton (D:7)
  4 mummies (Ossuary)
  A worker ant zombie (D:5)
  Robin (D:3)
  7 gnolls
  7 adders
  A shadow imp (D:7)
  3 oozes
  A worm zombie (D:5)
  An adder skeleton (D:7)
  3 worms
  3 dart slugs
  8 leopard geckos
  47 orcs
  A ball python (D:3)
  9 bats
  8 giant cockroaches
  14 goblins
  10 hobgoblins
  9 jackals
  16 kobolds
  2 quokkas
  7 frilled lizards
  3 gnoll zombies
  A goblin zombie (Ossuary)
  A kobold zombie (Ossuary)
  A leopard gecko zombie (D:5)
  2 orc zombies (Ossuary)
  10 rats
  8 plants
327 creatures vanquished.

Vanquished Creatures (collateral kills)
  2 hill giants
  A gargoyle (D:10)
  A soldier ant (D:10)
  An orc (D:10)
5 creatures vanquished.

Vanquished Creatures (others)
  3 plants (D:11)
3 creatures vanquished.

Grand Total: 335 creatures vanquished

Notes
Turn   | Place    | Note
-------+----------+-------------------------------------------
     0 | D:1      | nikopol the Gargoyle Berserker began the quest for the Orb.
     0 | D:1      | Reached XP level 1. HP: 14/14 MP: 1/1
   366 | D:1      | Reached XP level 2. HP: 10/19 MP: 2/2
   744 | D:1      | Reached XP level 3. HP: 19/24 MP: 3/3
  1099 | D:1      | Reached ** piety under Trog
  1637 | D:2      | Reached XP level 4. HP: 29/29 MP: 4/4
  1668 | D:2      | Found a burning altar of Makhleb.
  1683 | D:2      | Reached skill level 3 in Axes
  2033 | D:2      | Found a glowing golden altar of the Shining One.
  2055 | D:2      | Found a faded altar of an unknown god.
  2150 | D:3      | Noticed Natasha
  2166 | D:3      | Killed Natasha
  2166 | D:3      | Reached XP level 5. HP: 23/33 MP: 5/5
  2235 | D:3      | Noticed Natasha
  2245 | D:3      | Killed Natasha
  2298 | D:3      | Noticed Natasha
  2307 | D:3      | Killed Natasha
  2739 | D:3      | Noticed Robin
  2748 | D:3      | Reached XP level 6. HP: 39/39 MP: 6/6
  2752 | D:3      | Killed Robin
  2752 | D:3      | Reached skill level 4 in Axes
  2758 | D:3      | Reached *** piety under Trog
  3082 | D:4      | Found a shimmering altar of Xom.
  3085 | D:4      | Found a staircase to the Ecumenical Temple.
  3108 | D:4      | Found a stormy altar of Qazlal.
  3108 | D:4      | Found a snail-covered altar of Cheibriados.
  3165 | D:4      | Noticed Grinder
  3171 | D:4      | Paralysed by Grinder for 6 turns
  3182 | D:4      | Killed Grinder
  3182 | D:4      | Reached XP level 7. HP: 18/44 MP: 7/7
  3424 | D:4      | Reached skill level 5 in Axes
  3570 | D:4      | Found an opulent altar of Gozag.
  3750 | D:4      | Found a basalt altar of Yredelemnul.
  3923 | D:5      | Entered Level 5 of the Dungeon
  3935 | D:5      | Found a sand-covered staircase.
  3952 | Ossuary  | Entered an ossuary
  3963 | Ossuary  | Reached skill level 5 in Fighting
  3976 | Ossuary  | Reached skill level 5 in Armour
  3991 | Ossuary  | Reached XP level 8. HP: 24/49 MP: 8/8
  4381 | Ossuary  | Reached **** piety under Trog
  4492 | D:5      | Found Lamoqie's General Store.
  4564 | D:5      | Reached skill level 6 in Axes
  5151 | D:5      | Found Naofim's Distillery.
  5178 | D:5      | Found Iclil's Assorted Antiques.
  5521 | D:6      | Reached XP level 9. HP: 51/56 MP: 9/9
  5541 | D:6      | Reached skill level 7 in Axes
  5971 | D:6      | Found a sparkling altar of Nemelex Xobeh.
  6628 | D:7      | Reached ***** piety under Trog
  7299 | D:8      | Noticed a hornet
  7312 | D:8      | Killed a hornet
  7312 | D:8      | Reached skill level 8 in Axes
  7500 | D:8      | Found a shattered altar of Ashenzari.
  7515 | D:8      | Reached skill level 5 in Dodging
  7767 | D:8      | Found a sacrificial altar of Ru.
  7776 | D:8      | Noticed a two-headed ogre
  7784 | D:8      | Killed a two-headed ogre
  7784 | D:8      | Reached XP level 10. HP: 17/63 MP: 10/10
  8636 | D:9      | Noticed Pikel
  8724 | D:9      | Found Inoicoun's Jewellery Boutique.
  9269 | D:10     | Entered Level 10 of the Dungeon
  9280 | D:10     | Reached skill level 9 in Axes
  9339 | D:10     | Received a gift from Trog
  9355 | D:10     | Noticed a hill giant
  9367 | D:10     | Killed a hill giant
  9372 | D:10     | Noticed a gargoyle
  9378 | D:10     | Killed a gargoyle
 10421 | D:11     | Noticed a manticore
 10439 | D:11     | Killed a manticore
 10439 | D:11     | Reached skill level 10 in Axes
 10439 | D:11     | Reached XP level 11. HP: 48/69 MP: 11/11
 10552 | D:11     | Noticed Gastronok
 10576 | D:11     | Killed Gastronok
 10615 | D:11     | Found a staircase to the Lair.
 10641 | D:11     | HP: 1/71 [burnt (8)]
 10658 | D:11     | Noticed a hill giant
 10660 | D:11     | Killed a hill giant
 11208 | D:11     | Noticed a hill giant
 11232 | D:11     | Killed a hill giant
 11493 | D:11     | Noticed a hill giant
 11511 | D:11     | Killed a hill giant
 11610 | D:11     | Killed an unseen horror
 11618 | D:11     | Reached skill level 11 in Axes
 12409 | Lair:1   | Entered Level 1 of the Lair of Beasts
 12485 | Lair:1   | Reached XP level 12. HP: 13/77 MP: 12/12
 12496 | Lair:1   | Got a scorched chain mail
 12559 | Lair:1   | Found a dark tunnel.
 12568 | Volcano  | Entered a volcano
 12812 | Volcano  | Noticed Nattefrost's ghost (journeyman HOGl)
 12840 | Volcano  | Killed Nattefrost's ghost
 12933 | Volcano  | Noticed Nordron's ghost (novice MiHu)
 12945 | Volcano  | Killed Nordron's ghost
 12945 | Volcano  | Reached skill level 10 in Fighting
 12945 | Volcano  | Reached skill level 10 in Armour
 13061 | Volcano  | HP: 5/115 [salamander/enchanted spear (12)]
 13421 | Volcano  | Slain by a salamander

Skill      XL: |  1  2  3  4  5  6  7  8  9 10 11 12 |
---------------+-------------------------------------+-----
Armour         | 3 4 5 6 7 8 9 10 | 10.2
Dodging        | 2 3 4 5 6 7 |  7.5
Axes           | 3 4 5 6 8 10 11 | 11.7
Fighting       | 4 5 6 7 8 9 10 | 10.2

Action                   |  1- 3 |  4- 6 |  7- 9 | 10-12 || total
-------------------------+-------+-------+-------+-------++-------
Melee: Hand axe          |   184 |   163 |   556 |   607 ||  1510
       War axe           |       |    64 |       |       ||    64
Invok: Berserk           |       |     1 |     4 |    14 ||    19
       Burn Spellbooks   |       |       |     1 |       ||     1
       Brothers in Arms  |       |       |       |     2 ||     2
Evoke: Wand              |       |       |       |     1 ||     1
  Use: Scroll            |       |       |     1 |    23 ||    24
 Stab: Sleeping          |     1 |       |       |       ||     1
  Eat: Chunk             |     3 |     6 |    13 |    27 ||    49
       Bread ration      |       |       |     1 |       ||     1
       Royal jelly       |       |       |       |     1 ||     1
       Pizza             |       |       |       |     1 ||     1
       Beef jerky        |       |       |       |     1 ||     1
Armor: Animal skin       |    26 |       |       |       ||    26
       Chain mail        |    15 |   143 |   367 |    95 ||   620
       Scale mail        |       |       |       |   222 ||   222
Dodge: Dodged            |    65 |    93 |   239 |   276 ||   673
